 Dungeon Crawl Stone Soup version 0.24-a0-446-g87df7205b4 (webtiles) character file.

Game seed: 7435105558308502676

9095 emperorscorpion the Prestidigitator (level 11, -3/100 HPs)
             Began as a Deep Dwarf Berserker on June 23, 2019.
             Was an Elder of Trog.
             Slain by an orc warlord
             ... wielding a +0 great mace
              (24 damage)
             ... on level 2 of the Orcish Mines.
             The game lasted 00:21:08 (1835 turns).

emperorscorpion the Prestidigitator (DDBe)          Turns: 1835, Time: 00:21:09

Health: -3/100     AC: 21    Str: 23    XL:     11   Next: 18%
Magic:  21/21 (12) EV: 10    Int:  9    God:    Trog [****..]
Gold:   371        SH:  0    Dex: 12    Spells: 10/10 levels left

rFire    + . .     SeeInvis .   a - +0 broad axe
rCold    x . .     Gourm    .   (no shield)
rNeg     . . .     Faith    .   g - +0 plate armour
rPois    .         Spirit   .   (no helmet)
rElec    .         Reflect  .   (no cloak)
rCorr    .         Harm     .   (no gloves)
MR       +....                  n - +5 pair of boots of Yboiny {+Inv +Fly rF+ rC-}
Stlth    ..........             (no amulet)
HPRegen  0.00/turn              h - ring of magical power
MPRegen  0.17/turn              (no ring)

@: berserk cooldown, contaminated, non-regenerating, glowing, lightly drained,
invisible (but backlit and visible) (expiring)
A: damage resistance, heal wounds, molten scales 1, sense surroundings 2,
MP-powered wands, no regeneration
a: Heal Wounds, Berserk, Trog's Hand, Brothers in Arms, Renounce Religion, Evoke
Flight


You were on level 2 of the Orcish Mines.
You worshipped Trog.
Trog was greatly pleased with you.
You were hungry.

You visited 2 branches of the dungeon, and saw 12 of its levels.

You collected 788 gold pieces.
You spent 417 gold pieces at shops.

Inventory:

Hand Weapons
 a - a +0 broad axe (weapon)
 b - a +2 hand axe of flaming
 e - a +0 spear
 r - a +0 hand axe
 u - a +0 battleaxe
Missiles
 d - 5 silver boomerangs
 i - 4 boomerangs (quivered)
 o - a throwing net
Armour
 g - a +0 plate armour (worn)
 n - the +5 pair of boots of Yboiny (worn) {+Inv +Fly rF+ rC-}
   (You found it on level 6 of the Dungeon)

   It protects you from fire.
   It makes you vulnerable to cold.
   It lets you turn invisible.
   It lets you fly.
 p - a +3 ring mail of magic resistance
 t - a +0 animal skin
Jewellery
 h - a ring of magical power (left hand)
Wands
 l - a wand of random effects (17)
Scrolls
 f - a scroll of teleportation
 j - 3 scrolls of identify
 k - a scroll of remove curse
 s - a scroll of immolation
Miscellaneous
 v - a sack of spiders
Comestibles
 c - 8 rations


   Skills:
 + Level 7.6(7.2) Fighting
 + Level 11.2(11.0) Axes
 + Level 2.4(6.1) Polearms
 + Level 4.8(4.5) Throwing
 + Level 8.1(7.7) Armour
 + Level 7.0(6.7) Dodging
 + Level 2.9(2.6) Stealth
 + Level 2.4(2.0) Unarmed Combat
 * Level 11.6(11.1) Evocations


You had 10 spell levels left.
You didn't know any spells.
Your spell library was empty.

Dungeon Overview and Level Annotations

Branches:
Dungeon (10/15)            Temple (0/1) D:5             Orc (2/2) D:10
   Lair: D:8-11         Elf: Orc:2

Altars:
Makhleb

Shops:
D:5 ?   Orc:1 [}=   Orc:2 %


Innate Abilities, Weirdness & Mutations

You are resistant to damage.
You can heal yourself by infusing magical energy.
You passively map the area around you.
You do not regenerate.
You are partially covered in molten scales. (AC +2)
You expend magic power (3 MP) to strengthen your wands.


Message History

The orc warrior no longer looks unusually strong.
The orc warlord roars a battlecry!
The orc warrior goes into a battle-frenzy!
The warg bites you.
The orc warrior hits you with a +0 trident!!
* * * LOW HITPOINT WARNING * * *
Unknown command.
You feel much better. The warg bites you.
The orc warrior hits you with a +0 trident!
* * * LOW HITPOINT WARNING * * *
The orc warrior hits you but does no damage.
The orc warrior hits you from afar with a +0 trident!
* * * LOW HITPOINT WARNING * * *
The orc warrior hits you from afar with a +0 trident!
* * * LOW HITPOINT WARNING * * *
Your magical essence is drained by the effort!
You feel much better.
You flicker for a moment.
The orc warlord hits you with a +0 great mace!!
You die...

########## ### ###### **
...#.#.#.## ##.#####.#..##**,
h.........## ###...##.......#
o....#.....####.##..#........# ,
...o........##..@...........###,.
#o#.)()..#.###h.o........#.#..##.
....o))..# #.o..........)∩....#.
............##o####......#.#.....
$..........#....# #..##.#........
...............###...###.........
...#....o....### #...##..........
.............# ##.###..........
............. ####...........


You could see an orc warlord, a warg and 2 orc warriors.

Vanquished Creatures
  An orc high priest (Orc:2)
  3 orc sorcerers
  Joseph (D:7)
  2 trolls
  A wraith (D:8)
  3 wargs
  A sky beast (D:5)
  8 orc warriors
  An ice beast (D:9)
  A centaur (D:6)
  8 ogres
  A bullfrog (D:7)
  2 killer bees (D:8)
  A scorpion (D:10)
  A howler monkey (D:4)
  A bullfrog zombie (D:10)
  A crimson imp (D:8)
  A jelly (D:8)
  9 orc priests
  7 orc wizards
  A gnoll shaman (D:7)
  2 worker ants
  Terence (D:2)
  An iguana (D:6)
  A hound zombie (D:5)
  A howler monkey zombie (D:7)
  6 gnolls
  A howler monkey skeleton (D:5)
  4 adders
  An ooze (D:1)
  2 worms
  A dart slug (D:2)
  50 orcs
  2 bats (D:2)
  A giant cockroach (D:7)
  3 goblins (D:2)
  5 hobgoblins
  2 jackals (D:8)
  3 kobolds
  2 quokkas
  A frilled lizard (D:2)
  A jackal zombie (D:3)
  2 rats
148 creatures vanquished.

Notes
Turn   | Place    | Note
-------+----------+-------------------------------------------
     0 | D:1      | emperorscorpion the Deep Dwarf Berserker began the quest
                  | for the Orb.
     0 | D:1      | Reached XP level 1. HP: 20/20 MP: 1/1
    19 | D:1      | Reached XP level 2. HP: 18/27 MP: 2/2
   101 | D:2      | Noticed Terence
   114 | D:2      | Killed Terence
   114 | D:2      | Reached XP level 3. HP: 20/34 MP: 3/3
   309 | D:2      | Reached XP level 4. HP: 37/42 MP: 3/4
   385 | D:3      | Reached ** piety under Trog
   388 | D:3      | Reached XP level 5. HP: 50/50 MP: 5/5
   389 | D:3      | Reached skill level 5 in Axes
   499 | D:5      | Entered Level 5 of the Dungeon
   549 | D:5      | Noticed a sky beast
   585 | D:5      | Killed a sky beast
   585 | D:5      | Reached XP level 6. HP: 28/57 MP: 6/6
   688 | D:5      | Gained mutation: You are partially covered in molten
                  | scales. (AC +2) [potion of mutation]
   688 | D:5      | Gained mutation: You expend magic power (3 MP) to
                  | strengthen your wands. [potion of mutation]
   798 | D:5      | Reached XP level 7. HP: 53/64 MP: 7/7
   825 | D:5      | Found Nuvyeset's Magic Scroll Emporium.
   844 | D:5      | Bought a scroll of teleportation for 39 gold pieces
   844 | D:5      | Bought a scroll of teleportation for 39 gold pieces
   844 | D:5      | Bought a scroll of remove curse for 39 gold pieces
   939 | D:6      | Got a pair of shimmering boots
   945 | D:6      | Identified the +5 pair of boots of Yboiny {+Inv +Fly rF+
                  | rC-} (You found it on level 6 of the Dungeon)
   978 | D:7      | Noticed Joseph
  1000 | D:7      | Killed Joseph
  1000 | D:7      | Reached XP level 8. HP: 73/73 MP: 9/9
  1105 | D:7      | Reached *** piety under Trog
  1134 | D:7      | Gained mutation: You passively map the area around you.
                  | [Deep Dwarf growth]
  1134 | D:7      | Reached XP level 9. HP: 67/85 MP: 15/15
  1136 | D:7      | Reached skill level 10 in Axes
  1136 | D:7      | Reached skill level 10 in Evocations
  1136 | D:7      | Reached XP level 10. HP: 74/94 MP: 17/17
  1186 | D:8      | Found a burning altar of Makhleb.
  1311 | D:10     | Entered Level 10 of the Dungeon
  1376 | D:10     | Reached skill level 1 in Stealth
  1392 | D:10     | Found a staircase to the Orcish Mines.
  1407 | Orc:1    | Entered Level 1 of the Orcish Mines
  1407 | Orc:1    | Noticed an orc sorcerer
  1409 | Orc:1    | Found Derhotull's Antique Armour Shoppe.
  1413 | Orc:1    | Killed an orc sorcerer
  1477 | Orc:2    | Entered Level 2 of the Orcish Mines
  1513 | Orc:2    | Noticed an orc high priest
  1522 | Orc:2    | Noticed a sun demon
  1522 | Orc:2    | Noticed a soul eater
  1524 | Orc:2    | Killed an orc high priest
  1564 | Orc:1    | Reached **** piety under Trog
  1633 | Orc:1    | Found Yhesa's Gadget Emporium.
  1651 | Orc:1    | Bought a sack of spiders for 300 gold pieces
  1652 | Orc:1    | Found Ebuziq's Jewellery Boutique.
  1702 | Orc:2    | Noticed an orc sorcerer
  1707 | Orc:2    | Noticed a rust devil
  1715 | Orc:2    | Reached XP level 11. HP: 71/100 MP: 16/16
  1718 | Orc:2    | Killed an orc sorcerer
  1720 | Orc:2    | Noticed an orc warlord
  1770 | Orc:2    | Found Waurozxe's Food Shoppe.
  1774 | Orc:2    | Noticed an orc sorcerer
  1784 | Orc:2    | Killed an orc sorcerer
  1835 | Orc:2    | Slain by an orc warlord

Levels and vault maps discovered:
D:1:      lightli_arrival_statuegarden, layout_rooms
D:2:      layout_basic, minmay_pentomino_s2, uniq_sigmund, uniq_terence
D:3:      minmay_inner_zag, layout_rooms, gammafunk_temple_overflow_claw,
          first_ration, minmay_statues_item, grunt_decor_mini_mirrors,
          uniq_crazy_yiuf_cottage, uniq_jessica
D:4:      layout_cave_pools, st_stairs_10
D:5:      layout_loops_ring, temple_hall, serial_shops, shop_coins
D:6:      layout_basic, nemelex_spade_bored_becter, uniq_prince_ribbit1
D:7:      layout_loops_cross, uniq_joseph
D:8:      layout_rooms, old_standard_altar, the_bakery
D:9:      layout_stronghold, serial_shops, shop_scrolls
D:10:     layout_irregular_city, minmay_lair_entry_grove, hiddenorc2_lemuel
Orc:1:    cheibrodos_orc_arena, layout_caves, serial_shops, shop, shop, shop
Orc:2:    st_orc_congregation, layout_caves, serial_shops, nicolae_shop_crystal,
          uniq_saint_roka

Skill      XL: |  1  2  3  4  5  6  7  8  9 10 11 |
---------------+----------------------------------+-----
Fighting       | 3 4 6 7 |  7.6
Axes           | 4 6 8 9 10 11 | 11.2
Armour         | 3 4 6 7 8 |  8.1
Dodging        | 3 6 7 |  7.0
Evocations     | 2 8 10 11 | 11.6
Throwing       | 4 |  4.8
Polearms       | 2 |  2.4
Unarmed Combat | 2 |  2.4
Stealth        | 2 |  2.9

Action                   |  1- 3 |  4- 6 |  7- 9 | 10-12 || total
-------------------------+-------+-------+-------+-------++-------
Melee: Hand axe          |    59 |   113 |    50 |     5 ||   227
       Broad axe         |       |       |       |   204 ||   204
       Punch             |       |       |       |     4 ||     4
Throw: Boomerang         |       |     4 |       |     1 ||     5
Invok: Berserk           |     3 |     6 |     2 |     5 ||    16
       Trog's Hand       |       |       |       |     3 ||     3
 Abil: Heal Wounds       |     1 |     2 |     1 |    15 ||    19
       Evoke Invisibilit |       |       |       |     4 ||     4
  Use: Scroll            |     3 |     1 |       |     3 ||     7
       Potion            |       |     3 |     4 |     2 ||     9
 Stab: Invisible         |       |       |       |    15 ||    15
  Eat: Chunk             |     1 |     7 |     4 |     9 ||    21
Armor: Plate armour      |    39 |    93 |    51 |   147 ||   330
       Animal skin       |     1 |       |       |       ||     1
Dodge: Dodged            |    35 |    41 |    31 |   157 ||   264

Table legend:
 A = Non-vault XP
 B = Vault XP
 C = Vault XP percentage of total XP
 D = Non-vault monster count
 E = Vault monster count
 F = Vault count percentage of total count
                 A         B        C        D         E       F
            +---------+---------+-------+---------+---------+-------
      Total |    7692 |     652 |   7.8 |     114 |      34 |  23.0
            +---------+---------+-------+---------+---------+-------
        D:1 |      17 |       0 |   0.0 |       6 |       0 |   0.0
        D:2 |      45 |      36 |  44.4 |      11 |       1 |   8.3
        D:3 |     149 |       2 |   1.3 |      10 |       2 |  16.7
        D:4 |     115 |       2 |   1.7 |       8 |       1 |  11.1
        D:5 |     445 |       0 |   0.0 |       9 |       0 |   0.0
        D:6 |     206 |       0 |   0.0 |       5 |       0 |   0.0
        D:7 |     224 |     455 |  67.0 |       9 |       1 |  10.0
        D:8 |     445 |       0 |   0.0 |       7 |       0 |   0.0
        D:9 |     573 |       0 |   0.0 |       3 |       0 |   0.0
       D:10 |     124 |     157 |  55.9 |       3 |      29 |  90.6
      Orc:1 |    1351 |       0 |   0.0 |      17 |       0 |   0.0
      Orc:2 |    3998 |       0 |   0.0 |      26 |       0 |   0.0
            +---------+---------+-------+---------+---------+-------
